 Dungeon Crawl Stone Soup version 0.30-b1-2-g02819fbbbe (webtiles) character file.

Game seed: 15445399753118488307

275 Flugkiller the Chopper (level 6, -2/53 HPs)
             Began as a Minotaur Fighter on May 7, 2023.
             Was a Believer of Okawaru.
             Slain by a black bear (4 damage)
             ... on level 4 of the Dungeon.
             The game lasted 00:01:29 (2207 turns).

Flugkiller the Chopper (Minotaur Fighter)           Turns: 2207, Time: 00:01:29

Health: -2/53      AC:  7    Str: 21    XL:     6   Next: 3%
Magic:  5/5        EV:  9    Int:  5    God:    Okawaru [**....]
Gold:   110        SH:  5    Dex: 11    Spells: 5/5 levels left

rFire   . . .        a - +0 war axe
rCold   . . .        c - +0 buckler
rNeg    . . .        b - +0 scale mail
rPois   .            (helmet restricted)
rElec   .            (no cloak)
rCorr   .            (no gloves)
SInv    .            (no boots)
Will    .....        g - amulet of the acrobat Stlth
                     (no ring)
HPRegen 0.28/turn    (no ring)
MPRegen 0.09/turn

%: acrobat
@: no status effects
A: horns 2, retaliatory headbutt
a: Renounce Religion, Heroism


You were on level 4 of the Dungeon.
You worshipped Okawaru.
Okawaru was pleased with you.
You visited 1 branch of the dungeon, and saw 4 of its levels.

You collected 201 gold pieces.
You spent 91 gold pieces at shops.

Inventory:

Hand Weapons
 a - a +0 war axe (weapon)
Missiles
 m - a throwing net (quivered)
Armour
 b - a +0 scale mail (worn)
 c - a +0 buckler (worn)
Jewellery
 g - an amulet of the acrobat (around neck)
   (You found it on level 1 of the Dungeon)
Scrolls
 e - a scroll of silence {unknown}
 h - a scroll of immolation
 i - a scroll of amnesia {unknown}
 k - a scroll of vulnerability
 l - a scroll of fear
 t - a scroll of teleportation
 v - a scroll of magic mapping {unknown}
 z - a scroll of blinking
Potions
 d - 2 potions of might
 f - a potion of haste {unknown}
 j - 2 potions of cancellation
 n - a potion of invisibility {unknown}
 o - a potion of degeneration {unknown}
 u - 2 potions of curing {unknown}
 w - 2 potions of heal wounds


   Skills:
 + Level 4.7 Fighting
 * Level 5.1 Axes
 + Level 4.7 Armour
 + Level 4.7 Shields
 + Level 1.2 Invocations


You had 5 spell levels left.
You didn't know any spells.
Your spell library was empty.

Dungeon Overview and Level Annotations

Branches:
Dungeon (4/15)
 Temple: D:4-7

Altars:
Okawaru
Yredelemnul

Shops:
D:4 *


Innate Abilities, Weirdness & Mutations

You have a pair of horns on your head.
You reflexively headbutt those who attack you in melee.


Message History

No target in view!
No target in view!
s - 2 fuming amethyst potions (gained 1)
Things that are here:
a +0 long sword; a +0 leather armour
Found a hand axe.
Found Wommarus's Assorted Antiques.
There is an entrance to Wommarus's Assorted Antiques here.
t - a scroll labelled TUGECO LOYMIOG;
u - 2 puce potions
v - a scroll labelled DEGGAI DASM Thank you for shopping at Wommarus's Assorted Antiques!
As you read the scroll labelled GOBUCWO LEMAU, it crumbles to dust.
It is a scroll of identify.
t - a scroll of vulnerability;
r - 4 scrolls of identify
f - a fizzy clear potion
As you read the scroll of identify, it crumbles to dust.
j - 2 potions of cancellation
As you read the scroll of identify, it crumbles to dust.
s - 2 potions of heal wounds;
w - 2 potions of heal wounds
As you read the scroll of identify, it crumbles to dust.
k - a scroll of teleportation;
t - a scroll of teleportation
k - a scroll of vulnerability
As you read the scroll of identify, it crumbles to dust.
l - a scroll of fear Blink to where?
Press: ? - help, Dir - move target, f - you Are you sure you want to cancel this blink?
Okay, then.
As you read the scroll labelled BEUCSETHRIJ, it crumbles to dust.
It was a scroll of blinking.
z - a scroll of blinking
As you read the scroll labelled BAKHAA SOC KUNA, it crumbles to dust.
The air around you briefly surges with heat, but it dissipates.
It was a scroll of immolation.
Unknown command.
You drop a ring of fire.
You start putting on your amulet.
You continue putting on your amulet of the acrobat. x5
You finish putting on your amulet of the acrobat.
You feel ready to tumble and roll out of harm's way.
g - an amulet of the acrobat (around neck)
Okay, then.
Found a stone staircase leading up.
You now have 110 gold pieces (gained 11).
Found an escape hatch in the floor.
A black bear comes into view.
The black bear growls angrily.
A black bear is nearby!
Found a metallic yellow potion.
The black bear bites you. The black bear misses you.
The black bear closely misses you.
You barely miss the black bear. The black bear completely misses you.
The black bear barely misses you. The black bear claws you.
The black bear bites you but does no damage.
The black bear barely misses you.
The black bear claws you but does no damage.
You closely miss the black bear. The black bear closely misses you.
The black bear barely misses you.
The black bear claws you but does no damage.
You barely miss the black bear. You headbutt the black bear!
The black bear is heavily wounded.
You block the black bear's attack.
The black bear claws you but does no damage. x2
You closely miss the black bear. You headbutt the black bear!
The black bear is almost dead.
The black bear bites you.
The black bear claws you but does no damage. x2
You completely miss the black bear. Your headbutt misses the black bear.
The black bear is almost dead.
The black bear goes berserk!
The black bear bites you. You block the black bear's attack.
The black bear claws you.
You hit the black bear but do no damage.
The black bear is almost dead.
The black bear bites you! The black bear closely misses you.
The black bear completely misses you. The black bear bites you.
The black bear claws you. x2
You hit the black bear but do no damage.
The black bear is almost dead.
You block the black bear's attack. The black bear closely misses you.
The black bear claws you. The black bear closely misses you.
The black bear claws you but does no damage.
The black bear claws you.
You are too injured to fight recklessly!
You are too injured to fight recklessly!
You are too injured to fight recklessly!
You barely miss the black bear.
The black bear is almost dead.
The black bear bites you.
* * * LOW HITPOINT WARNING * * *
The black bear barely misses you. The black bear claws you.
* * * LOW HITPOINT WARNING * * *
You hit the black bear.
The black bear is almost dead.
The black bear bites you.
* * * LOW HITPOINT WARNING * * *
The black bear claws you.
* * * LOW HITPOINT WARNING * * *
The black bear claws you.
* * * LOW HITPOINT WARNING * * *
The black bear bites you.
You die...

..###.........# ##
#........#########
###..........##.#..#
#...#.####.........##
#...##..#
#.....##....
..####.##
#.....##..#. #
#.....# #.....###...
#.....# #.....# ###.
#...@.# #.....# #.
......>h.# #..#### #.
.##......# #..# #.
##.....# #.## #.
#.....# #.# #.
#.....# ### #.
#.....# ## #....!#


You could see a black bear (berserk).

Vanquished Creatures
  An ogre (D:4)
  An iguana (D:4)
  5 adders
  2 ufetubi (D:4)
  2 adder zombies (D:3)
  2 worms
  A dart slug (D:2)
  An orc (D:4)
  9 endoplasms
  4 giant cockroaches
  6 goblins
  7 hobgoblins
  9 jackals
  7 kobolds
  5 quokkas
  5 ball pythons
  A ball python zombie (D:3)
  7 bats
  12 frilled lizards
  5 rats
92 creatures vanquished.

Vanquished Creatures (others)
  3 plants (D:3)
3 creatures vanquished.

Grand Total: 95 creatures vanquished

Notes
Turn   | Place    | Note
-------+----------+-------------------------------------------
     0 | D:1      | Flugkiller the Minotaur Fighter began the quest for the
                  | Orb.
     0 | D:1      | Reached XP level 1. HP: 19/19 MP: 0/0
    96 | D:1      | Reached XP level 2. HP: 27/27 MP: 1/1
   187 | D:1      | Reached skill level 3 in Axes
   191 | D:1      | You fall into a shaft and drop 1 floor!
   269 | D:1      | Reached XP level 3. HP: 31/33 MP: 2/2
  1121 | D:2      | Found a faded altar of an unknown god.
  1142 | D:2      | Reached XP level 4. HP: 40/40 MP: 3/3
  1164 | D:2      | Prayed at the altar of an unknown god.
  1164 | D:2      | Became a worshipper of Warmaster Okawaru
  1164 | D:2      | Reached * piety under Okawaru
  1443 | D:3      | Reached skill level 4 in Axes
  1628 | D:3      | Found a basalt altar of Yredelemnul.
  1928 | D:4      | Reached XP level 5. HP: 15/47 MP: 4/4
  2065 | D:4      | Noticed an ogre
  2070 | D:4      | Killed an ogre
  2070 | D:4      | Reached ** piety under Okawaru
  2071 | D:4      | Reached skill level 5 in Axes
  2071 | D:4      | Reached skill level 1 in Invocations
  2111 | D:4      | Reached XP level 6. HP: 53/53 MP: 5/5
  2132 | D:4      | Found Wommarus's Assorted Antiques.
  2138 | D:4      | Bought a scroll labelled TUGECO LOYMIOG for 24 gold pieces
  2138 | D:4      | Bought 2 puce potions for 43 gold pieces
  2138 | D:4      | Bought a scroll labelled DEGGAI DASM for 24 gold pieces
  2207 | D:4      | HP: 2/53 [black bear (2)]
  2207 | D:4      | Slain by a black bear

Illustrated notes

Levels and vault maps discovered:
D:1:      saegor_arrival_simple_c, layout_basic, chequers_serial_rivers_micro_a
D:2:      layout_rooms, hellmonk_ecumenical_altar_inner_sanctum
D:3:      layout_rooms, nicolae_yredelemnul_corpse_copse, minmay_lizard_king
D:4:      layout_rooms, mainiacjoe_overflow_brackets, kennysheep_mini,
          temple_hall, serial_shops, shop, dilly_guarded_unrand_throatcut,
          uniq_crazy_yiuf_cottage, uniq_ijyb

Skill      XL: |  1  2  3  4  5 |
---------------+----------------+-----
Axes           | 3 4 5 |  5.1
Shields        | 4 |  4.7
Fighting       | 4 |  4.7
Armour         | 4 |  4.7
Invocations    | 1 |  1.2

Action                     |  1- 3 |  4- 6 || total
---------------------------+-------+-------++-------
  Melee: War axe           |    66 |   115 ||   181
         Headbutt          |     8 |    11 ||    19
    Use: Scroll            |       |     7 ||     7
 Armour: Scale mail        |    36 |    68 ||   104
  Dodge: Dodged            |    37 |    67 ||   104
  Block: Buckler           |    23 |    35 ||    58
